 Dungeon Crawl Stone Soup version 0.30-a0-852-g08b95dd62f (webtiles) character file.

Game seed: 6391244069807827288

16894 Zenkrye the Nimble (level 12, -2/76 HPs)
             Began as a Deep Elf Cinder Acolyte on Mar 2, 2023.
             Was a High Priest of Ignis.
             Killed from afar by a rime drake (21 damage)
             ... with an icy flash freeze
             ... on level 3 of the Lair of Beasts on Mar 4, 2023.
             The game lasted 01:06:31 (18754 turns).

Zenkrye the Nimble (Deep Elf Cinder Acolyte)       Turns: 18754, Time: 01:06:32

Health: -2/76      AC: 14    Str: 11    XL:     12   Next: 14%
Magic:  7/26       EV: 21    Int: 28    God:    Ignis [*****.]
Gold:   79         SH:  0    Dex: 10    Spells: 2/27 levels left

rFire   + . .      SeeInvis .    e - +5 dagger (freeze)
rCold   . . .      Faith    .    (no shield)
rNeg    . . .      Spirit   .    H - +0 steam dragon scales
rPois   .          Reflect  .    q - +0 helmet {Int+3}
rElec   .          Rampage  .    E - +2 cloak
rCorr   .                        (no gloves)
Will    +....                    o - +0 pair of boots
Stlth   ++                       (no amulet)
HPRegen 0.32/turn                v - +5 ring of evasion
MPRegen 0.20/turn                p - +4 ring of protection

@: on berserk cooldown, slowed, very slow
A: no striking features
a: Renounce Religion, Fiery Armour, Foxfire Swarm, Rising Flame


You were on level 3 of the Lair of Beasts.
You worshipped Ignis.
Ignis was extremely pleased with you.
You visited 3 branches of the dungeon, and saw 15 of its levels.
You also visited: Bailey.

You collected 1275 gold pieces.
You spent 1196 gold pieces at shops.

Inventory:

Hand Weapons
 a - a -1 short sword of flaming
 e - a +5 dagger of freezing (weapon)
 x - a +3 sling of freezing
Missiles
 l - 6 atropa-tipped darts
 n - 6 poisoned darts
Armour
 o - a +0 pair of boots (worn)
 q - a +0 helmet of intelligence (worn)
 s - a +3 leather armour
 E - a +2 cloak (worn)
 H - +0 steam dragon scales (worn)
Magical Staves
 A - a staff of air
Jewellery
 f - a ring of fire
 h - a ring of see invisible
 p - a +4 ring of protection (right hand)
 r - a ring of resist corrosion
 v - a +5 ring of evasion (left hand)
 F - the ring of Liberty {rPois rF+ rN+}
   (You found it on level 7 of the Dungeon)

   [ring of protection from fire]

   rF:        It protects you from fire.
   rPois:     It protects you from poison.
   rN:        It protects you from negative energy.
Wands
 w - a wand of paralysis (9)
 B - a wand of roots (13)
Scrolls
 b - 3 scrolls of immolation
 d - 3 scrolls of teleportation {@r3}
 g - 6 scrolls of fog
 i - 2 scrolls of identify {@r1}
 k - 3 scrolls of blinking {@r4}
 y - 2 scrolls of butterflies
 D - 6 scrolls of magic mapping
 G - a scroll of amnesia
 J - a scroll of poison
Potions
 j - 2 potions of brilliance
 t - 2 potions of might {@q4}
 u - 3 potions of flight
 z - 3 potions of mutation
 C - 3 potions of lignification
 I - 2 potions of cancellation
Miscellaneous
 K - a condenser vane (inert)


   Skills:
 + Level 9.0 Fighting
 - Level 3.8 Short Blades
 + Level 12.1 Dodging
 - Level 3.0 Stealth
 - Level 8.0 Spellcasting
 + Level 8.3 Conjurations
 - Level 3.0 Hexes
 - Level 10.0 Fire Magic
 + Level 1.5 Ice Magic
 + Level 1.3 Air Magic
 + Level 1.9 Earth Magic


You had 2 spell levels left.
You knew the following spells:

 Your Spells              Type           Power      Damage    Failure   Level
a - Scorch                Fire           100%       2d10      1%          2
b - Searing Ray           Conj           100%       2d8       1%          2
c - Swiftness             Air            18%        N/A       9%          3
d - Hailstorm             Conj/Ice       38%        3d9       1%          3
e - Fulminant Prism       Conj/Hex       21%        3d12      4%          4
f - Frozen Ramparts       Ice            38%        1d6       8%          3
g - Freezing Cloud        Conj/Ice/Air   16%        6-21      30%         5
q - Stone Arrow           Conj/Erth      80%        3d12      1%          3

Your spell library contained the following spells:

 Spells                   Type           Power      Damage    Failure   Level
 Magic Dart               Conj           100%       1d8       1%          1
 Shock                    Conj/Air       100%       1d9       1%          1
 Freeze                   Ice            76%        1d8       2%          1
 Sandblast                Erth           44%        2d11      2%          1
 Ensorcelled Hibernation  Hex/Ice        46%        N/A       3%          2
 Passwall                 Tmut/Erth      13%        N/A       4%          2
 Lesser Beckoning         Tloc           22%        N/A       8%          2
 Gell's Gravitas          Tloc           11%        N/A       14%         3
 Teleport Other           Tloc           11%        N/A       14%         3
 Cause Fear               Hex            14%        N/A       14%         4
 Airstrike                Air            9%         2d(2-18)  28%         4
 Ice Form                 Ice/Tmut       15%        N/A       34%         4
 Summon Ice Beast         Ice/Summ       15%        N/A       34%         4
 Metabolic Englaciation   Hex/Ice        11%        N/A       47%         5
 Iron Shot                Conj/Erth      20%        9d5       67%         6
 Dragon Form              Tmut           5%         N/A       100%        7
 Lehudib's Crystal Spear  Conj/Erth      20%        10d6      100%        8
 Dragon's Call            Summ           5%         N/A       100%        9


Dungeon Overview and Level Annotations

Branches:
Dungeon (10/15)            Temple (0/1) D:6            Lair (3/5) D:8
  Snake (0/4) Lair:2          Orc (2/2) D:9          Bailey (visited)
  Swamp: Lair:2-3    Shoals: Lair:2-3       Elf: Orc:2

Altars:
Elyvilon
Fedhas
Okawaru
Sif Muna
Trog
Uskayaw
Wu Jian
Xom
Yredelemnul
The Shining One

Shops:
D:6 [   D:7 =   D:8 *


Message History

You shoot a sling bullet.
The sling bullet closely misses the cane toad.
You feel very sick.
The cane toad is no longer more vulnerable to fire.
The cane toad barely misses you.
The cane toad stings you but does no damage.
You feel better. The cane toad stings you!
* * * LOW HITPOINT WARNING * * *
Okay, then.
Unknown command.
Your +3 sling of freezing stops glowing.
Your +5 dagger of freezing glows with a cold blue light!
e - a +5 dagger of freezing (weapon)
Okay, then.
Unknown command.
A red film seems to cover your vision as you go berserk!
You feel yourself moving faster!
You feel mighty! The cane toad closely misses you. The cane toad stings you!
* * * LOW HITPOINT WARNING * * *
You closely miss the cane toad.
The cane toad is severely wounded.
You puncture the cane toad! You freeze the cane toad.
The cane toad is almost dead.
The cane toad stings you.
* * * LOW HITPOINT WARNING * * *
You hit the cane toad.
The cane toad seems to slow down.
You freeze the cane toad.
You kill the cane toad!
You start resting.
You feel a strong urge to attack something.
You start resting.
You feel your anger nearly subside.
You are no longer berserk.
You are exhausted.
You feel yourself slow down.
You start resting.
A rime drake comes into view.
The rime drake hisses angrily.
The rime drake breathes ice at you. The icy flash freeze hits you!!
You die...

#..........##.#
#............#
##...........##
.............#
#.........k.##
##...........>.
#......<†......
##.......###....
#.....@### .
###†#.#..#
#..†..##.#
#..#....#.#
#.......+.#
.....8...#.#
#.#.........#
#....####.##.
###. .#


You could see a rime drake (catching breath).

Vanquished Creatures
  A two-headed ogre (D:10)
  An orc knight (Bailey)
  A salamander (Lair:2)
  A black mamba (Lair:1)
  3 cane toads
  A rime drake (Lair:1)
  4 komodo dragons
  3 trolls
  A polar bear (Lair:2)
  2 hornets
  22 yaks
  A wraith (D:10)
  A steam dragon (D:8)
  Menkaure (D:5)
  7 water moccasins
  19 orc warriors
  8 black bears
  An ice beast (D:7)
  7 ogres
  3 wolves (Lair:1)
  2 centaurs (D:6)
  9 bullfrogs
  A gnoll sergeant (D:9)
  6 scorpions
  15 wights
  9 killer bees
  2 howler monkeys
  An electric eel (D:8)
  3 lava snakes (Lair:2)
  4 hounds
  4 jellies
  13 orc priests
  A gnoll bouda (D:6)
  3 sleepcaps (D:6)
  Jessica (D:2)
  6 iguanas
  8 orc wizards
  Robin (D:2)
  12 gnolls
  12 adders
  2 shadow imps (D:6)
  2 white imps
  3 ufetubi (D:6)
  2 worms
  A dart slug (D:4)
  58 orcs
  13 ball pythons
  9 bats
  5 endoplasms
  4 giant cockroaches
  14 goblins
  9 hobgoblins
  4 jackals (D:2)
  4 kobolds
  6 quokkas
  3 frilled lizards
  6 rats
  A spectral orc (D:6)
347 creatures vanquished.

Vanquished Creatures (others)
  30 fulminant prisms
  44 fungi
  54 plants
128 creatures vanquished.

Grand Total: 475 creatures vanquished

Notes
Turn   | Place    | Note
-------+----------+-------------------------------------------
     0 | D:1      | Zenkrye the Deep Elf Cinder Acolyte began the quest for the
                  | Orb.
     0 | D:1      | Reached XP level 1. HP: 13/13 MP: 5/5
   118 | D:1      | Found a faded altar of an unknown god.
   122 | D:1      | Reached XP level 2. HP: 17/18 MP: 6/6
   157 | D:1      | Learned a level 2 spell: Scorch
   964 | D:2      | Reached XP level 3. HP: 22/22 MP: 8/8
  1137 | D:2      | Noticed Jessica
  1139 | D:2      | Killed Jessica
  1202 | D:2      | Reached XP level 4. HP: 27/27 MP: 10/10
  1313 | D:2      | Noticed Robin
  1319 | D:2      | HP: 1/27 [goblin/+0 dagger[Robin] (3)]
  1325 | D:2      | Killed Robin
  1936 | D:3      | Reached skill level 5 in Fire Magic
  2155 | D:3      | Reached XP level 5. HP: 31/31 MP: 8/11
  2212 | D:3      | Learned a level 2 spell: Searing Ray
  2943 | D:4      | Reached skill level 1 in Conjurations
  3107 | D:4      | Reached XP level 6. HP: 36/36 MP: 9/12
  3417 | D:4      | Found a shimmering blue altar of Sif Muna.
  3418 | D:4      | Found a hide-covered altar of Uskayaw.
  3713 | D:4      | Found a bloodstained altar of Trog.
  3714 | D:4      | Found an ornate altar of the Wu Jian Council.
  3717 | D:4      | Found a white marble altar of Elyvilon.
  4061 | D:5      | Entered Level 5 of the Dungeon
  4353 | D:5      | Noticed Menkaure
  4358 | D:5      | Killed Menkaure
  4359 | D:5      | Reached XP level 7. HP: 32/40 MP: 10/13
  4488 | D:5      | You fall into a shaft and drop 1 floor!
  4503 | D:6      | Found a staircase to the Ecumenical Temple.
  4698 | D:6      | Reached skill level 5 in Conjurations
  4775 | D:5      | Reached skill level 1 in Dodging
  4848 | D:6      | Reached XP level 8. HP: 41/45 MP: 8/15
  4945 | D:5      | Found a blossoming altar of Fedhas.
  4977 | D:5      | Reached skill level 2 in Dodging
  5605 | D:5      | Reached skill level 3 in Dodging
  5675 | D:5      | Reached skill level 5 in Spellcasting
  5913 | D:5      | Learned a level 3 spell: Swiftness
  6231 | D:6      | Reached skill level 4 in Dodging
  6385 | D:5      | Reached skill level 5 in Dodging
  6639 | D:6      | Found Xica's Armour Shoppe.
  6988 | D:6      | Reached XP level 9. HP: 52/52 MP: 12/18
  7190 | D:6      | Reached skill level 1 in Stealth
  7514 | D:6      | Found a basalt altar of Yredelemnul.
  7632 | D:6      | Reached skill level 6 in Dodging
  7653 | D:6      | Reached skill level 5 in Fighting
  8635 | D:7      | Found a glowing golden altar of the Shining One.
  8638 | D:7      | Identified the ring of Liberty {rPois rF+ rN+}
  8664 | D:7      | Found Vixkat's Jewellery Shoppe.
  8679 | D:7      | Reached skill level 7 in Dodging
  9157 | D:8      | Reached XP level 10. HP: 41/60 MP: 5/19
  9272 | D:8      | Found a staircase to the Lair.
  9278 | D:8      | Found Efulug's Elemental Accessories.
  9474 | D:8      | Found a flagged portal.
  9533 | Bailey   | Entered a bailey
  9608 | Bailey   | Learned a level 3 spell: Hailstorm
  9613 | Bailey   | Learned a level 4 spell: Fulminant Prism
  9789 | Bailey   | Reached skill level 8 in Dodging
  9838 | Bailey   | Noticed an orc knight
  9853 | Bailey   | Found a large runed translucent door.
  9853 | Bailey   | Found a large runed translucent door.
  9854 | Bailey   | Noticed a deep elf pyromancer
  9907 | Bailey   | Killed an orc knight
 10994 | D:8      | Reached skill level 10 in Fire Magic
 11262 | D:8      | Paralysed by a hornet for 2 turns
 11266 | D:8      | Reached skill level 1 in Hexes
 11484 | D:9      | Reached skill level 9 in Dodging
 11652 | D:9      | Found a staircase to the Orcish Mines.
 12566 | D:9      | Reached XP level 11. HP: 67/67 MP: 8/20
 13279 | D:9      | Upgraded the game from 0.30-a0-845-g7c6808c8ce to
                  | 0.30-a0-847-g17996783a1
 13352 | D:9      | Reached skill level 10 in Dodging
 13726 | D:10     | Entered Level 10 of the Dungeon
 13938 | D:10     | Noticed a two-headed ogre
 13948 | D:10     | Killed a two-headed ogre
 13960 | D:10     | Noticed a boulder beetle
 14166 | D:10     | Found an iron altar of Okawaru.
 14740 | D:10     | Found a shimmering altar of Xom.
 14742 | D:10     | Found a shimmering altar of Xom.
 14743 | D:10     | Found a shimmering altar of Xom.
 14743 | D:10     | Found a shimmering altar of Xom.
 14745 | D:10     | Found a shimmering altar of Xom.
 14747 | D:10     | Found a shimmering altar of Xom.
 14749 | D:10     | Found a shimmering altar of Xom.
 14749 | D:10     | Found a shimmering altar of Xom.
 15459 | Lair:1   | Entered Level 1 of the Lair of Beasts
 15647 | Lair:1   | Upgraded the game from 0.30-a0-847-g17996783a1 to
                  | 0.30-a0-852-g08b95dd62f
 15924 | Lair:1   | Reached skill level 11 in Dodging
 15992 | Lair:1   | Learned a level 3 spell: Frozen Ramparts
 16799 | Lair:1   | Identified the +3 plate armour "Noakykh" {rN++ Dex+2}
 17136 | Lair:2   | Found a staircase to the Snake Pit.
 17249 | Lair:2   | Noticed a six-headed hydra
 17312 | D:8      | Bought Sif Muna's Folio of Excavation for 650 gold pieces
 17316 | D:8      | Learned a level 3 spell: Stone Arrow
 17345 | Orc:1    | Entered Level 1 of the Orcish Mines
 18147 | D:8      | Bought the Elucidation of the Glacier for 546 gold pieces
 18153 | D:8      | Learned a level 5 spell: Freezing Cloud
 18191 | Orc:2    | Entered Level 2 of the Orcish Mines
 18191 | Orc:2    | Noticed an ettin
 18191 | Orc:2    | Noticed an orc warlord
 18194 | Orc:2    | Reached skill level 1 in Earth Magic
 18443 | Lair:2   | Reached skill level 12 in Dodging
 18443 | Lair:2   | Reached XP level 12. HP: 51/75 MP: 10/26
 18566 | Lair:2   | You fall into a shaft and drop 1 floor!
 18576 | Lair:3   | Reached skill level 1 in Ice Magic
 18584 | Lair:2   | Found a white marble altar of Elyvilon.
 18708 | Lair:2   | Noticed a catoblepas
 18716 | Lair:3   | Reached skill level 1 in Air Magic
 18754 | Lair:3   | Killed from afar by a rime drake

Illustrated notes

Levels and vault maps discovered:
D:1:      saegor_arrival_simple_d, layout_basic,
          hellmonk_ecumenical_altar_arch_garden
D:2:      layout_loops_ring, uniq_jessica, uniq_robin
D:3:      layout_basic
D:4:      layout_basic, nicolae_overflow_hidden_temple,
          nicolae_elevator_lobby_plus
D:5:      layout_layer_cave, fedhas_altar_3, uniq_menkaure
D:6:      minmay_polygon_palace, layout_loops_ring,
          yredelemnul_forgotten_temple_becter, minmay_temple_entry_large_hall,
          serial_shops, nicolae_shop_window_shopping
D:7:      layout_loops_ring, nicolae_tso_carved_into_rock, serial_shops,
          nicolae_shop_hallway_plus, minmay_misc_feat_x
D:8:      layout_basic, due_lair_maze_entry_diamond, enter_bailey_6,
          hangedman_abyss_or_decor_passed, nicolae_elemental_shop,
          chequers_serial_rivers_small_a, hangedman_decor_push,
          amcnicky_mini_rare_corridor_liquid
D:9:      layout_layer_cave, david_orc_2
D:10:     layout_stronghold, xom_redecorated, kennysheep_okawaru_gauntlet,
          nrook_pool_corridor, minmay_stone_trees_small
Lair:1:   layout_loops_ring, minivault_11, grunt_megastairs_2
Lair:2:   layout_regular_city, nicolae_snake_entry_warm_welcome, basic_altar
Lair:3:   layout_cave_pods, nicolae_shoals_entry_roost, serial_bayou_shore_a,
          grunt_megastairs_1
Orc:1:    layout_diamond_mine, serial_shops, shop
Orc:2:    st_orc_town, layout_caves, nicolae_orc_flooded_monolith

Skill      XL: |  1  2  3  4  5  6  7  8  9 10 11 12 |
---------------+-------------------------------------+-----
Spellcasting   | 2 3 5 8 |  8.0
Fire Magic     | 4 5 6 7 8 9 10 | 10.0
Conjurations   | 1 3 5 7 8 |  8.3
Dodging        | 1 5 7 9 12 | 12.1
Fighting       | 4 5 7 8 9 |  9.0
Stealth        | 3 |  3.0
Hexes          | 3 |  3.0
Earth Magic    | 1 |  1.9
Ice Magic      | 1 |  1.5
Air Magic      | 1 |  1.3
Short Blades   | |  3.8

Action                     |  1- 3 |  4- 6 |  7- 9 | 10-12 || total
---------------------------+-------+-------+-------+-------++-------
  Melee: Short sword       |    64 |       |       |     2 ||    66
         Punch             |     1 |       |       |       ||     1
         Dagger            |       |       |       |     3 ||     3
   Fire: Sling             |    27 |   107 |   119 |   225 ||   478
   Cast: Scorch            |    16 |    54 |   163 |   258 ||   491
         Searing Ray       |       |       |     2 |     7 ||     9
         Fulminant Prism   |       |       |       |    30 ||    30
         Hailstorm         |       |       |       |     7 ||     7
         Stone Arrow       |       |       |       |    27 ||    27
         Frozen Ramparts   |       |       |       |    17 ||    17
         Swiftness         |       |       |       |     1 ||     1
  Evoke: Wand              |       |       |       |     4 ||     4
         Condenser vane    |       |       |       |     1 ||     1
    Use: Scroll            |     6 |     6 |     8 |     9 ||    29
         Potion            |       |     5 |       |     5 ||    10
   Stab: Paralysed         |       |       |       |     2 ||     2
 Armour: Robe              |    30 |    10 |       |       ||    40
         Leather armour    |       |     6 |    31 |       ||    37
         Steam dragon scal |       |       |       |    66 ||    66
  Dodge: Dodged            |    58 |    52 |   100 |   283 ||   493

Table legend: (Time is in decaauts)
 A = Elapsed time spent in this place.
 B = Non-inter-level travel time spent in this place.
 C = Inter-level travel time spent in this place.
 D = Time resting spent in this place.
 E = Time spent auto-exploring this place.
 F = Levels seen in this place.
 G = Mean time per level.
                   A        B        C        D        E       F      G
               +--------+--------+--------+--------+--------+-----+--------+
         Total |  18945 |  17978 |    967 |   3466 |  11681 |  16 | 1184.1 |
       Dungeon |  15696 |  14842 |    854 |   2693 |   9983 |  10 | 1569.6 |
          Lair |   2355 |   2272 |     83 |    478 |   1495 |   3 |  785.0 |
  Orcish Mines |    258 |    229 |     29 |     27 |    130 |   2 |  129.0 |
        Bailey |    635 |    635 |      0 |    268 |     73 |   1 |  635.0 |
               +--------+--------+--------+--------+--------+-----+--------+

Top non-repeatable levels by time:
     D:9: 3360 daAuts
     D:5: 1902 daAuts
     D:8: 1899 daAuts
     D:6: 1887 daAuts
  Lair:1: 1719 daAuts
     D:4: 1372 daAuts
    D:10: 1231 daAuts
     D:7: 1134 daAuts
     D:2: 985 daAuts
     D:3: 969 daAuts
     D:1: 952 daAuts
  Bailey: 635 daAuts
  Lair:2: 566 daAuts
   Orc:1: 254 daAuts
  Lair:3: 69 daAuts
